[Event "December 12 Late 2023"]
[Site "https://www.chess.com"]
[Date "2023.12.12"]
[Round "4"]
[White "Senft, Sean"]
[Black "Mazzilli, Piero"]
[Result "1-0"]
[Board "102"]
[TimeControl "180+1"]
[WhiteFideId "2044960"]
[BlackFideId "807087"]
[WhiteElo "2504"]
[BlackElo "2331"]
[WhiteTeam "USA"]
[BlackTeam "ITA"]
[WhiteClock "0:00:21"]
[BlackClock "0:00:08"]

1. d4 d5 2. c4 e6 3. Nc3 Nf6 4. cxd5 exd5 5. Bg5 Be7 6. e3 c6 7. Bd3 O-O 8. Nf3 Nbd7 9. Qc2 Re8 10. O-O Nf8 11. Ne5 Ng6 12. f4 Ne4 13. Bxe7 Qxe7 14. Nxe4 dxe4 15. Bxe4 f6 16. Bxg6 hxg6 17. Nxg6 Qxe3+ 18. Kh1 Qxd4 19. Rad1 Qb4 20. a3 Qa5 21. b4 Qh5 22. f5 Kh7 23. Rf3 Bxf5 24. Rxf5 Qe2 25. Rh5+ Kg8 26. Qxe2 Rxe2 27. Rh8+ Kf7 28. Rxa8 1-0

[Event "December 12 Late 2023"]
[Site "https://www.chess.com"]
[Date "2023.12.12"]
[Round "4"]
[White "Adamczyk, Zuzanna"]
[Black "Wartiovaara, Oliver"]
[Result "1-0"]
[Board "103"]
[TimeControl "180+1"]
[WhiteFideId "1187570"]
[BlackFideId "513024"]
[WhiteElo "2316"]
[BlackElo "2501"]
[WhiteTeam "POL"]
[BlackTeam "FIN"]
[WhiteClock "0:00:31"]
[BlackClock "0:00:26"]

1. d4 Nf6 2. Nf3 g6 3. g3 Bg7 4. Bg2 O-O 5. O-O d6 6. c4 Bf5 7. Nc3 Ne4 8. Nxe4 Bxe4 9. b3 c5 10. Bb2 Nc6 11. Qd2 Bxf3 12. Bxf3 cxd4 13. Bxc6 bxc6 14. Bxd4 e5 15. Bb2 Qc7 16. Rfd1 Rfd8 17. Rac1 a5 18. Ba3 c5 19. Qd5 h5 20. Rc3 a4 21. b4 cxb4 22. Bxb4 Ra6 23. c5 Qb8 24. a3 e4 25. Rc4 Be5 26. Rxe4 Re8 27. cxd6 Bf6 28. d7 Rd8 29. Ba5 Rxa5 30. Qxa5 Qb3 31. Qd5 Qxa3 32. Re8+ Kg7 33. Rxd8 Bxd8 34. Qe5+ Kh7 35. Qe8 Qb3 36. Rd3 Qb1+ 37. Kg2 Qb7+ 38. Rf3 1-0

[Event "December 12 Late 2023"]
[Site "https://www.chess.com"]
[Date "2023.12.12"]
[Round "4"]
[White "Marcziter, Dmitrii"]
[Black "Shton, Roman"]
[Result "1-0"]
[Board "104"]
[TimeControl "180+1"]
[WhiteFideId "13900765"]
[BlackFideId "14137461"]
[WhiteElo "2315"]
[BlackElo "2499"]
[WhiteTeam "GER"]
[BlackTeam "UKR"]
[WhiteClock "0:00:10"]
[BlackClock "0:00:16"]

1. d4 Nf6 2. Nf3 d5 3. c4 e6 4. Nc3 Bb4 5. Bg5 h6 6. Bh4 dxc4 7. Qa4+ Nc6 8. e3 g5 9. Bg3 Nd5 10. Rc1 Bd7 11. e4 Nxd4 12. Qd1 Nxf3+ 13. Qxf3 Nxc3 14. bxc3 Ba3 15. Rd1 Qe7 16. Be5 Rg8 17. Bf6 Qc5 18. Be2 Ba4 19. Rd4 g4 20. Qg3 Rg6 21. e5 Qc6 22. Rxc4 Qd7 23. O-O Be7 24. Bxe7 Kxe7 25. Qh4+ Kf8 26. Rd4 Qc6 27. Bd3 Qxc3 28. Rd8+ Rxd8 29. Qxd8+ Kg7 30. Bxg6 Kxg6 31. Qf6+ Kh7 32. Qxf7+ Kh8 33. Qf8+ Kh7 34. Qf7+ Kh8 35. Qf6+ Kh7 36. Qxe6 Bc6 37. Rd1 Qc2 38. Qf7+ Kh8 39. Rd8+ Be8 40. Rxe8# 1-0

[Event "December 12 Late 2023"]
[Site "https://www.chess.com"]
[Date "2023.12.12"]
[Round "4"]
[White "Biliy, Vadim"]
[Black "Makaraci, Tunahan"]
[Result "0-1"]
[Board "105"]
[TimeControl "180+1"]
[WhiteFideId "14114127"]
[BlackFideId "6356559"]
[WhiteElo "2295"]
[BlackElo "2499"]
[WhiteTeam "UKR"]
[BlackTeam "TUR"]
[WhiteClock "0:00:04"]
[BlackClock "0:00:14"]

1. d4 d5 2. Nf3 Nf6 3. e3 c5 4. c4 cxd4 5. Nxd4 Nc6 6. Nc3 e6 7. cxd5 exd5 8. Be2 Bc5 9. Nb3 Bb6 10. Na4 O-O 11. Nxb6 Qxb6 12. O-O Rd8 13. Nd4 Be6 14. Nxe6 fxe6 15. b3 Rac8 16. Bb2 Rf8 17. Bg4 Ne7 18. Bh3 Ne4 19. Qd4 Qxd4 20. Bxd4 Rc6 21. f3 Ng5 22. Bg4 Nf5 23. Rfc1 Nxd4 24. exd4 Rfc8 25. Rxc6 Rxc6 26. Re1 g6 27. h4 h5 28. Bxh5 gxh5 29. hxg5 Kf7 30. Kh2 Rc2 31. g6+ Kxg6 32. Rxe6+ Kf7 33. Re5 Rxa2 34. Rxd5 Ke6 35. Rxh5 Rb2 36. Rb5 b6 37. Kh3 Rd2 38. d5+ Rxd5 39. Rxd5 Kxd5 40. g4 a5 41. g5 b5 42. Kg4 Ke6 43. Kh5 Kf7 44. Kh6 Kg8 45. f4 a4 46. bxa4 bxa4 47. f5 a3 48. f6 a2 49. g6 a1=Q 50. f7+ Kf8 51. Kg5 Qe5+ 52. Kh6 Qf6 53. Kh5 Kg7 54. Kg4 Qxg6+ 55. Kf4 Qxf7+ 0-1

[Event "December 12 Late 2023"]
[Site "https://www.chess.com"]
[Date "2023.12.12"]
[Round "4"]
[White "Herman, Matthew"]
[Black "Shapiro, Daniel"]
[Result "1/2-1/2"]
[Board "106"]
[TimeControl "180+1"]
[WhiteFideId "2028964"]
[BlackFideId "2001780"]
[WhiteElo "2498"]
[BlackElo "2292"]
[WhiteTeam "USA"]
[BlackTeam "USA"]
[WhiteClock "0:00:14"]
[BlackClock "0:00:18"]

1. e4 d5 2. exd5 Qxd5 3. Nc3 Qd8 4. d4 Nf6 5. Nf3 e6 6. Bd3 c6 7. Bg5 Be7 8. Qe2 O-O 9. O-O-O Nbd7 10. Ne4 Qa5 11. Kb1 Re8 12. h4 h6 13. Bxf6 Nxf6 14. Nxf6+ Bxf6 15. g4 e5 16. Qe4 Bd7 17. Qh7+ Kf8 18. dxe5 Bxe5 19. Rhe1 Bxg4 20. Nxe5 Rxe5 21. Qh8+ Ke7 22. Qxa8 Rxe1 23. Qxb7+ Kf8 24. Qb8+ Ke7 25. Qb7+ Kf8 26. Qb8+ Ke7 27. Qb7+ 1/2-1/2

[Event "December 12 Late 2023"]
[Site "https://www.chess.com"]
[Date "2023.12.12"]
[Round "4"]
[White "Sarkar, Justin"]
[Black "Garcia Almaguer, Juan Manuel"]
[Result "1/2-1/2"]
[Board "107"]
[TimeControl "180+1"]
[WhiteFideId "2010011"]
[BlackFideId "5110491"]
[WhiteElo "2288"]
[BlackElo "2488"]
[WhiteTeam "USA"]
[BlackTeam "MEX"]
[WhiteClock "0:00:07"]
[BlackClock "0:00:35"]

1. d4 Nf6 2. c4 e6 3. g3 d5 4. Bg2 c5 5. cxd5 exd5 6. Nf3 Nc6 7. O-O Be6 8. Nc3 Rc8 9. dxc5 Bxc5 10. Bg5 O-O 11. Rc1 Be7 12. Nd4 h6 13. Be3 Nxd4 14. Bxd4 b6 15. Qd3 Qd7 16. Rfd1 Rfd8 17. Qb5 Ne8 18. Qxd7 Rxd7 19. Nxd5 Rxc1 20. Nxe7+ Rxe7 21. Rxc1 Bxa2 22. e4 Rc7 23. Rxc7 Nxc7 24. f4 Kf8 25. Kf2 Nb5 26. Be5 f6 27. Bb8 Bc4 28. e5 fxe5 29. fxe5 a5 30. Ke3 Ke7 31. Bc6 Kd8 32. Bxb5 Bxb5 33. Bd6 h5 34. Bf8 g6 35. e6 Bc4 36. e7+ Ke8 37. Kf4 b5 38. Kg5 Bf7 39. Kf6 a4 40. Bh6 b4 41. Bd2 a3 42. bxa3 bxa3 43. Bc3 a2 44. h3 g5 45. Kxg5 Kxe7 46. g4 hxg4 47. hxg4 Kf8 48. Kh6 Kg8 49. g5 Bb3 50. g6 a1=Q 51. Bxa1 Bc2 52. Bb2 Bxg6 1/2-1/2

[Event "December 12 Late 2023"]
[Site "https://www.chess.com"]
[Date "2023.12.12"]
[Round "4"]
[White "Kovalevsky, Stanislav"]
[Black "Mejia, Cherry Ann"]
[Result "0-1"]
[Board "108"]
[TimeControl "180+1"]
[WhiteFideId "13508598"]
[BlackFideId "5206880"]
[WhiteElo "2486"]
[BlackElo "2275"]
[WhiteTeam "FID"]
[BlackTeam "PHI"]
[WhiteClock "0:00:05"]
[BlackClock "0:00:12"]

1. e4 c5 2. c3 Nf6 3. e5 Nd5 4. Nf3 d6 5. d4 cxd4 6. cxd4 Nc6 7. Bc4 dxe5 8. dxe5 Nb6 9. Qxd8+ Nxd8 10. Bb5+ Bd7 11. Bxd7+ Nxd7 12. Nc3 Rc8 13. Be3 a6 14. O-O-O Nc6 15. e6 fxe6 16. Ng5 Nb4 17. Kb1 Rc6 18. a3 Nd5 19. Nxd5 exd5 20. Rxd5 Nf6 21. Rd3 h6 22. Nf3 e6 23. Rhd1 Be7 24. Ne5 Rc8 25. Ng6 Rg8 26. f3 Nd5 27. Nxe7 Kxe7 28. Bf2 Rgd8 29. h4 g5 30. hxg5 hxg5 31. Rh1 Rh8 32. Rdd1 Nf4 33. g3 Nd5 34. Bd4 Rhf8 35. Rh7+ Rf7 36. Rxf7+ Kxf7 37. Rh1 Kg6 38. Re1 Kf7 39. Rh1 Kg6 40. Re1 Kf7 41. Be5 Kg6 42. Ka2 Rf8 43. Bd6 Rxf3 44. Rxe6+ Kf7 45. Rh6 Nf6 46. Be5 Ke6 47. Bxf6 Rxf6 48. Rh7 b5 49. Ra7 Kf5 50. Kb3 Kg4 51. Rg7 Rf5 52. Kb4 Kxg3 53. Ka5 Kf4 54. Kxa6 g4 55. Ka5 g3 56. Rxg3 Kxg3 57. a4 bxa4+ 58. Kxa4 Kf4 59. b4 Ke5 60. Ka5 Kd6+ 61. Ka6 Kc7 62. b5 Rf6+ 63. Ka7 Rb6 64. Ka8 Rxb5 65. Ka7 Ra5# 0-1

[Event "December 12 Late 2023"]
[Site "https://www.chess.com"]
[Date "2023.12.12"]
[Round "4"]
[White "Rangel, Daniel"]
[Black "Golubenko, Valentina"]
[Result "1-0"]
[Board "109"]
[TimeControl "180+1"]
[WhiteFideId "2124475"]
[BlackFideId "4501993"]
[WhiteElo "2483"]
[BlackElo "2267"]
[WhiteTeam "BRA"]
[BlackTeam "CRO"]
[WhiteClock "0:00:27"]
[BlackClock "0:00:12"]

1. e4 e6 2. d4 c5 3. Nd2 cxd4 4. Ndf3 Nc6 5. Nxd4 Bc5 6. c3 Nf6 7. Bg5 Nxd4 8. cxd4 Bb4+ 9. Bd2 Bxd2+ 10. Qxd2 Nxe4 11. Qb4 a5 12. Qa3 Qh4 13. g3 Qf6 14. Nf3 d6 15. Bg2 O-O 16. O-O Bd7 17. Rac1 Bc6 18. Qd3 Ng5 19. Nxg5 Qxg5 20. Bxc6 bxc6 21. Rxc6 Qd5 22. Rfc1 f5 23. Qc4 Qxc4 24. R1xc4 Rfd8 25. Rc7 Rab8 26. b3 e5 27. dxe5 dxe5 28. Re7 Re8 29. Rxe8+ Rxe8 30. Rc5 e4 31. Rxa5 g6 32. b4 Kf7 33. b5 Rb8 34. a4 Ke6 35. Ra6+ Kd5 36. b6 Kc6 37. a5 Kb5 38. Ra7 h6 39. b7 g5 40. a6 Kb6 41. Ra8 Kc7 42. Rxb8 Kxb8 43. Kf1 f4 44. Ke2 h5 45. h4 gxh4 46. gxh4 Ka7 47. Kd2 Kb8 48. Kc3 Ka7 49. Kd4 e3 50. fxe3 f3 51. Kd3 f2 52. Ke2 f1=Q+ 53. Kxf1 Kb8 54. e4 Ka7 55. e5 1-0

[Event "December 12 Late 2023"]
[Site "https://www.chess.com"]
[Date "2023.12.12"]
[Round "4"]
[White "Yashmetov, Mikhail"]
[Black "Erece, Ece Alkim"]
[Result "1-0"]
[Board "110"]
[TimeControl "180+1"]
[WhiteFideId "24198900"]
[BlackFideId "6346006"]
[WhiteElo "2480"]
[BlackElo "2266"]
[WhiteTeam "RUS"]
[BlackTeam "TUR"]
[WhiteClock "0:02:28"]
[BlackClock "0:00:06"]

1. f4 d5 2. Nf3 c6 3. g3 Nf6 4. Bg2 Bg4 5. O-O Bxf3 6. Bxf3 Nbd7 7. d4 e6 8. e3 Bd6 9. c4 dxc4 10. Nd2 Nb6 11. Qe2 O-O 12. Nxc4 Nxc4 13. Qxc4 Rc8 14. e4 b5 15. Qb3 Be7 16. Be3 a6 17. Rfd1 Qb6 18. Rac1 Rfd8 19. Kg2 h5 20. d5 c5 21. d6 Rxd6 22. Rxd6 Qxd6 23. e5 Qd7 24. exf6 Bxf6 25. Rd1 Bd4 26. Qd3 Rd8 27. b4 Qc7 28. bxc5 Bf6 29. Qc2 Rxd1 30. Qxd1 g6 31. c6 a5 32. Qd7 1-0

[Event "December 12 Late 2023"]
[Site "https://www.chess.com"]
[Date "2023.12.12"]
[Round "4"]
[White "Cooper, Aaron"]
[Black "ChessSG1"]
[Result "0-1"]
[Board "111"]
[TimeControl "180+1"]
[WhiteFideId "2634945"]
[WhiteElo "2259"]
[BlackElo "2479"]
[WhiteTeam "CAN"]
[WhiteClock "0:00:00"]
[BlackClock "0:00:20"]

1. e4 c5 2. Nf3 e6 3. d4 cxd4 4. Nxd4 a6 5. Nc3 Qc7 6. Bd3 Nf6 7. O-O Nc6 8. Nxc6 dxc6 9. Be3 e5 10. f4 Ng4 11. Qf3 Nxe3 12. Qxe3 exf4 13. Qxf4 Bd6 14. e5 Bxe5 15. Rae1 f6 16. Bc4 Bd7 17. Qe3 O-O-O 18. g3 Bh3 19. Rf2 Bd4 20. Be6+ Bxe6 21. Qxe6+ Kb8 22. Qf5 Rhe8 23. Rf1 Qb6 24. Na4 Bxf2+ 25. Rxf2 Qb4 26. b3 Qe1+ 27. Kg2 Qe4+ 28. Qxe4 Rxe4 29. Nc5 Re5 30. Nd3 Re7 31. h4 Rde8 32. Kf3 Re3+ 33. Kf4 g6 34. Kg4 R8e4+ 35. Kh3 f5 36. Nc5 Re7 37. h5 Re2 38. Rf4 Rxc2 39. Nd3 Rc3 40. Nf2 Ree3 41. hxg6 Rxg3+ 42. Kh4 hxg6 43. Rd4 Rgf3 44. Nd1 Rcd3 0-1

[Event "December 12 Late 2023"]
[Site "https://www.chess.com"]
[Date "2023.12.12"]
[Round "4"]
[White "Yandarbiev, Ruslan"]
[Black "Gao, Raymond"]
[Result "1-0"]
[Board "112"]
[TimeControl "180+1"]
[WhiteFideId "4115023"]
[BlackFideId "2629429"]
[WhiteElo "2477"]
[BlackElo "2248"]
[WhiteTeam "RUS"]
[BlackTeam "CAN"]
[WhiteClock "0:00:53"]
[BlackClock "0:00:03"]

1. c4 Nf6 2. g3 e6 3. Bg2 d5 4. Nf3 Be7 5. O-O O-O 6. b3 c5 7. cxd5 Nxd5 8. d4 Nc6 9. dxc5 Bxc5 10. Qc2 Be7 11. a3 Bd7 12. b4 Bf6 13. Bb2 Rc8 14. Qb3 Bxb2 15. Qxb2 Qf6 16. Qxf6 Nxf6 17. Nbd2 Rfd8 18. Rfc1 e5 19. Nc4 e4 20. Nfe5 Be6 21. Nxc6 Rxc6 22. Na5 Rxc1+ 23. Rxc1 b6 24. Nc6 Re8 25. e3 h5 26. Nxa7 Ra8 27. Nb5 Bd7 28. Nc3 Rxa3 29. Nxe4 Nxe4 30. Bxe4 Rb3 31. Rc4 g6 32. Kg2 Be6 33. Rd4 Kg7 34. h4 Kf6 35. Bf3 Rb2 36. g4 hxg4 37. Bxg4 Ba2 38. Rd6+ Kg7 39. Rxb6 Bd5+ 40. Bf3 Bc4 41. Kg3 Rb1 42. Rb7 Rg1+ 43. Kh2 Rf1 44. Kg2 Rb1 45. Bc6 Kf6 46. b5 Rb4 47. b6 Ba6 48. Rb8 Ke7 49. Kg3 Rb1 50. Bf3 Rg1+ 51. Kh2 Rb1 52. b7 Rb2 53. Kg3 Kf6 54. Ra8 Bxb7 55. Rb8 Bxf3 56. Rxb2 Bd5 57. Kf4 Be6 58. Rb6 Kg7 59. Kg5 Bc4 60. h5 gxh5 61. Kxh5 Bd3 62. Kg5 Bg6 63. f4 Bc2 64. Rc6 Bd3 65. Rd6 Be4 66. Rd4 Bb1 67. e4 Ba2 68. e5 Bb1 69. f5 Ba2 70. Rd7 Kh7 71. Kf6 Kg8 72. Rd8+ Kh7 73. Rf8 Kh6 74. Rh8# 1-0

[Event "December 12 Late 2023"]
[Site "https://www.chess.com"]
[Date "2023.12.12"]
[Round "4"]
[White "Gutierrez Olivares, Daniel"]
[Black "Awoki, Daniel Teidi"]
[Result "0-1"]
[Board "113"]
[TimeControl "180+1"]
[WhiteFideId "2264005"]
[BlackFideId "2100827"]
[WhiteElo "2473"]
[BlackElo "2246"]
[WhiteTeam "ESP"]
[BlackTeam "BRA"]
[WhiteClock "0:00:29"]
[BlackClock "0:00:10"]

1. Nf3 d5 2. g3 e6 3. d3 Nf6 4. Nbd2 Be7 5. e4 O-O 6. Bg2 dxe4 7. dxe4 Nc6 8. e5 Nd5 9. O-O Nb6 10. Re1 Nd4 11. c3 Nxf3+ 12. Qxf3 c6 13. Ne4 Qc7 14. Bf4 Nd5 15. Rad1 Nxf4 16. Qxf4 Bd7 17. h4 Rad8 18. h5 h6 19. g4 f5 20. Ng3 Bg5 21. Qc4 fxg4 22. Qxg4 Rf4 23. Qe2 Rdf8 24. Ne4 Be7 25. Rf1 Be8 26. Nd6 Bxd6 27. exd6 Qd7 28. Bh3 Bf7 29. Qe5 Rf6 30. c4 b6 31. b4 c5 32. bxc5 Rc8 33. cxb6 axb6 34. Rd4 Rc5 35. Qe4 Rg5+ 36. Kh2 Rxh5 37. Rd3 Bg6 38. Qa8+ Rf8 39. Qa3 Bxd3 40. Qxd3 Rf4 41. Rg1 Rfh4 42. Rg3 Kh8 43. a4 e5 44. Rf3 e4 45. Rf8+ Kh7 46. Qc2 Qxh3+ 47. Kg1 Rg4# 0-1

[Event "December 12 Late 2023"]
[Site "https://www.chess.com"]
[Date "2023.12.12"]
[Round "4"]
[White "De Lima, Valdenicio Marcelino"]
[Black "yaguigor"]
[Result "0-1"]
[Board "114"]
[TimeControl "180+1"]
[WhiteFideId "2132044"]
[WhiteElo "2239"]
[BlackElo "2467"]
[WhiteTeam "BRA"]
[WhiteClock "0:00:00"]
[BlackClock "0:00:55"]

1. Nf3 d5 2. d4 Nf6 3. e3 c5 4. Nbd2 Nc6 5. b3 cxd4 6. exd4 Bf5 7. Bb2 e6 8. Bb5 Qb6 9. Bxc6+ Qxc6 10. Rc1 Qa6 11. a3 Rc8 12. Nh4 Bg4 13. f3 Bh5 14. g4 Bg6 15. Nxg6 hxg6 16. Qe2 Qb6 17. b4 a5 18. b5 Bd6 19. c4 Bf4 20. c5 Qd8 21. Rc2 a4 22. Bc1 Qa5 23. Kf1 g5 24. Nb1 Qc7 25. Nc3 Bxc1 26. Rxc1 Qf4 27. Rc2 Nxg4 28. Kg2 Ne3+ 29. Kf2 Nxc2 30. Qxc2 Rxh2+ 0-1

[Event "December 12 Late 2023"]
[Site "https://www.chess.com"]
[Date "2023.12.12"]
[Round "4"]
[White "Bogaudinov, Rushan"]
[Black "Cueto, Jonny"]
[Result "1-0"]
[Board "115"]
[TimeControl "180+1"]
[WhiteFideId "4129288"]
[BlackFideId "3300145"]
[WhiteElo "2466"]
[BlackElo "2235"]
[WhiteTeam "RUS"]
[BlackTeam "BOL"]
[WhiteClock "0:02:10"]
[BlackClock "0:01:21"]

1. d4 Nf6 2. h3 d6 3. Nc3 e5 4. dxe5 dxe5 5. Qxd8+ Kxd8 6. Bg5 Be6 7. O-O-O+ Nd7 8. g4 c6 9. Bg2 Kc7 10. e3 a5 11. Nge2 a4 12. a3 h6 13. Bh4 g5 14. Bg3 Bg7 15. f4 exf4 16. exf4 Nb6 17. f5+ Kc8 18. fxe6 fxe6 19. Nd4 Re8 20. Rhe1 Bh8 21. Rxe6 Rxe6 22. Nxe6 Nfd5 23. Nxd5 cxd5 24. Bxd5 Kd7 25. Bxb7+ Kxe6 26. Bxa8 Nxa8 27. Rd8 1-0

[Event "December 12 Late 2023"]
[Site "https://www.chess.com"]
[Date "2023.12.12"]
[Round "4"]
[White "Fernandez Hernandez, Gerardo"]
[Black "Nadeev, Sergey"]
[Result "0-1"]
[Board "116"]
[TimeControl "180+1"]
[WhiteFideId "2207400"]
[BlackFideId "4180038"]
[WhiteElo "2234"]
[BlackElo "2465"]
[WhiteTeam "ESP"]
[BlackTeam "RUS"]
[WhiteClock "0:00:00"]
[BlackClock "0:00:22"]

1. e4 c5 2. d3 g6 3. g3 Bg7 4. Bg2 Nc6 5. f4 e6 6. Nf3 Nge7 7. c3 d5 8. O-O dxe4 9. dxe4 Qxd1 10. Rxd1 e5 11. Be3 b6 12. Na3 Ba6 13. Bf1 Bxf1 14. Kxf1 exf4 15. gxf4 f5 16. Nb5 O-O 17. e5 Rad8 18. Ng5 Nd5 19. Bd2 Rfe8 20. Nd6 Re7 21. c4 Nc7 22. Be3 h6 23. Nf3 Red7 24. Ke2 Kh7 25. h4 Ne6 26. Rd2 Bf8 27. Rad1 Bxd6 28. Rxd6 Rxd6 29. Rxd6 Rxd6 30. exd6 Kg7 31. Ne5 Nxe5 32. fxe5 Nf8 33. Kd3 Kf7 34. a3 Nd7 35. Bxh6 Nxe5+ 36. Kc3 Ke6 37. Bf4 Nf7 38. b4 Nxd6 39. bxc5 bxc5 40. Be3 Ne4+ 41. Kb3 Kd6 42. Ka4 Kc6 43. Ka5 Nd6 44. Ka6 Nxc4 45. Bc1 Nb6 46. Kxa7 c4 47. a4 Nxa4 48. Ka6 Nc5+ 49. Ka5 Kd5 50. Kb4 Nd3+ 51. Kc3 Nxc1 0-1

[Event "December 12 Late 2023"]
[Site "https://www.chess.com"]
[Date "2023.12.12"]
[Round "4"]
[White "Clarke, Matthew"]
[Black "Serra Canals, Oriol"]
[Result "0-1"]
[Board "117"]
[TimeControl "180+1"]
[WhiteFideId "3227804"]
[BlackFideId "22276084"]
[WhiteElo "2225"]
[BlackElo "2461"]
[WhiteTeam "AUS"]
[BlackTeam "ESP"]
[WhiteClock "0:00:00"]
[BlackClock "0:00:13"]

1. d4 e6 2. c4 Nf6 3. g3 d5 4. Bg2 Be7 5. Nf3 O-O 6. O-O dxc4 7. Qc2 a6 8. a4 Bd7 9. Qxc4 b5 10. Qc2 Bc6 11. Nbd2 Nd5 12. e4 Nb4 13. Qb1 Nd7 14. Nb3 bxa4 15. Na5 Bb5 16. Bd2 Bxf1 17. Bxf1 c5 18. Rxa4 Nb6 19. Ra1 cxd4 20. e5 Rc8 21. Bxb4 Bxb4 22. Bxa6 Rc5 23. Qe4 Qd5 24. Qxd5 Nxd5 25. Nb3 Rc2 26. Rb1 Ra8 27. Bd3 Rcc8 28. Nfxd4 Ra2 29. f4 g6 30. Kf2 Bc5 31. Kf3 Ba7 32. Ke4 Nb4 33. Bb5 Rb8 34. Ra1 Rxa1 35. Nxa1 Bxd4 0-1

[Event "December 12 Late 2023"]
[Site "https://www.chess.com"]
[Date "2023.12.12"]
[Round "4"]
[White "Mazurkiewicz, Michal"]
[Black "CarlMagnuson"]
[Result "1-0"]
[Board "118"]
[TimeControl "180+1"]
[WhiteFideId "1124943"]
[WhiteElo "2456"]
[BlackElo "2231"]
[WhiteTeam "POL"]
[WhiteClock "0:01:49"]
[BlackClock "0:01:57"]

1. e4 c5 2. Nf3 Nc6 3. g3 Nf6 4. d3 e6 5. Nbd2 Be7 6. Bg2 d5 7. O-O O-O 8. e5 Nd7 9. Re1 f6 10. exf6 Nxf6 11. b3 Kh8 12. Bb2 d4 13. Nc4 b5 14. Nfe5 Nxe5 15. Nxe5 Rb8 16. Nc6 Qc7 17. Nxb8 Qxb8 18. Bc1 Bb7 19. Bf4 Qa8 20. Bxb7 Qxb7 21. Qe2 Nd5 22. Qe4 Qd7 23. Qxe6 Qd8 24. Be5 Bg5 25. h4 Bh6 26. Qxh6 1-0

[Event "December 12 Late 2023"]
[Site "https://www.chess.com"]
[Date "2023.12.12"]
[Round "4"]
[White "Arnold, Ken"]
[Black "Bullen, Alex"]
[Result "1-0"]
[Board "119"]
[TimeControl "180+1"]
[WhiteFideId "2056836"]
[BlackFideId "1801627"]
[WhiteElo "2455"]
[BlackElo "2213"]
[WhiteTeam "USA"]
[BlackTeam "WLS"]
[WhiteClock "0:00:17"]
[BlackClock "0:00:07"]

1. d4 d5 2. c4 e6 3. cxd5 exd5 4. Nf3 Nf6 5. Nc3 c6 6. Bf4 Bd6 7. Bg3 O-O 8. e3 Re8 9. Bd3 Bg4 10. Qc2 Bh5 11. Bxd6 Qxd6 12. Ne5 Nbd7 13. Nxd7 Qxd7 14. O-O Bg6 15. Bxg6 hxg6 16. b4 a6 17. a4 Ne4 18. Rab1 g5 19. Rfc1 g4 20. b5 axb5 21. axb5 Re6 22. Nxe4 dxe4 23. bxc6 Rxc6 24. Qxe4 f5 25. Qe5 Rac8 26. Rxc6 Qxc6 27. h3 gxh3 28. gxh3 f4 29. Rf1 f3 30. Kh2 Rf8 31. Qg3 Rf6 32. Rg1 Qd7 33. Rb1 b5 34. Qb8+ Kh7 35. Qxb5 Qc7+ 36. Qe5 Qc2 37. Rf1 Rg6 38. Qh5+ Kg8 39. Qxf3 Qc7+ 40. Kh1 Rf6 41. Qd5+ Kh8 42. Qh5+ Rh6 43. Qe8+ Kh7 44. Qe4+ Kh8 45. Qg4 Qc4 46. Rg1 Qc7 47. Rg3 Qc6+ 48. Kh2 Qc7 49. d5 Qf7 50. Kg2 Qxd5+ 51. e4 Qf7 52. Qf5 Rf6 53. Qc8+ Kh7 54. Qc2 Rf4 55. Qe2 g6 56. Rg4 Kg7 57. Qb2+ Kh7 58. Rxf4 Qxf4 59. Qb7+ Kh6 60. Qe7 Qd2 61. Qh4+ Kg7 62. Qg4 Qc2 63. Qf4 Qc4 64. h4 Qc6 65. Kg3 Qe6 66. e5 Qb3+ 67. f3 Qc4 68. Qxc4 1-0

[Event "December 12 Late 2023"]
[Site "https://www.chess.com"]
[Date "2023.12.12"]
[Round "4"]
[White "Dmitrenko, Viktor"]
[Black "Jing, Andrew"]
[Result "1-0"]
[Board "120"]
[TimeControl "180+1"]
[WhiteFideId "14110270"]
[BlackFideId "30984076"]
[WhiteElo "2452"]
[BlackElo "2182"]
[WhiteTeam "UKR"]
[BlackTeam "USA"]
[WhiteClock "0:02:14"]
[BlackClock "0:02:33"]

1. d4 Nf6 2. Nf3 g6 3. Bg5 Bg7 4. Nbd2 O-O 5. e3 h6 6. Bh4 g5 7. Bg3 Nh5 8. Nxg5 Nxg3 9. hxg3 hxg5 10. Qh5 f6 11. Bd3 f5 12. Qh7+ Kf7 13. Qxf5+ Kg8 14. Rh8+ 1-0

[Event "December 12 Late 2023"]
[Site "https://www.chess.com"]
[Date "2023.12.12"]
[Round "4"]
[White "Tokat, Nehir"]
[Black "Ladan, Nicholas"]
[Result "0-1"]
[Board "121"]
[TimeControl "180+1"]
[WhiteFideId "34557555"]
[BlackFideId "30918855"]
[WhiteElo "2176"]
[BlackElo "2449"]
[WhiteTeam "TUR"]
[BlackTeam "USA"]
[WhiteClock "0:00:00"]
[BlackClock "0:00:11"]

1. d4 d5 2. c4 e6 3. Nf3 Nf6 4. g3 Bb4+ 5. Bd2 a5 6. Bg2 O-O 7. O-O Be7 8. Nc3 dxc4 9. Bf4 c6 10. a4 Nd5 11. Qd2 Nxf4 12. Qxf4 Nd7 13. Rac1 Nf6 14. h4 Nd5 15. Qd2 Bb4 16. e4 Nb6 17. Ra1 Bd7 18. Ne5 f6 19. Nxd7 Qxd7 20. Rfd1 Rad8 21. Qe3 Rfe8 22. Bh3 Qc7 23. Ne2 c5 24. dxc5 Rxd1+ 25. Rxd1 Bxc5 26. Qd2 Nxa4 27. Qd7 Qxd7 28. Rxd7 b5 29. Rb7 b4 30. Rc7 Bf8 31. Rxc4 Nxb2 32. Rc6 e5 33. Be6+ Kh8 34. Bd5 a4 35. Ra6 b3 36. Nc3 Rb8 37. Nxa4 Nxa4 38. Rxa4 b2 39. Ba2 b1=Q+ 40. Bxb1 Rxb1+ 41. Kg2 Rb8 42. Ra7 h6 43. Kh3 h5 44. f4 exf4 45. gxf4 Kh7 46. Ra4 Rb4 0-1

[Event "December 12 Late 2023"]
[Site "https://www.chess.com"]
[Date "2023.12.12"]
[Round "4"]
[White "Janiashvili, Mariami"]
[Black "Weisz, Bryan"]
[Result "0-1"]
[Board "122"]
[TimeControl "180+1"]
[WhiteFideId "13612077"]
[BlackFideId "30934133"]
[WhiteElo "2172"]
[BlackElo "2448"]
[WhiteTeam "GEO"]
[BlackTeam "USA"]
[WhiteClock "0:00:00"]
[BlackClock "0:00:07"]

1. e4 g5 2. d4 Bg7 3. c4 c5 4. d5 b5 5. cxb5 a6 6. bxa6 Bxa6 7. Bxa6 Nxa6 8. Nc3 h6 9. Nge2 Nf6 10. O-O d6 11. Ng3 Nd7 12. Nf5 Be5 13. g3 Qb6 14. Kh1 e6 15. dxe6 fxe6 16. Qh5+ Kd8 17. Nxh6 Kc7 18. Bxg5 Qxb2 19. Na4 Qb4 20. Qd1 Nab8 21. Rb1 Qxe4+ 22. Kg1 Rxa4 23. Nf7 Rf8 24. Re1 Qd4 25. Qb3 Rb4 26. Qa3 Rxf7 27. Qa5+ Nb6 28. Qa7+ Kc6 29. Qxf7 N8d7 30. Rxb4 Qxb4 31. Qf3+ Nd5 32. a3 Qxe1+ 33. Kg2 Nf6 34. Qb3 Qe4+ 35. Kg1 Ng4 36. a4 Qe1+ 37. Kg2 Qb4 38. Qc2 Ngf6 39. h4 Ne4 40. Bf4 Bxf4 41. gxf4 Nxf4+ 42. Kf3 Ng6 43. Qxe4+ Qxe4+ 44. Kxe4 Nxh4 45. f4 Nf5 46. a5 Ne7 47. Kd3 Kb5 48. a6 Kxa6 0-1

[Event "December 12 Late 2023"]
[Site "https://www.chess.com"]
[Date "2023.12.12"]
[Round "4"]
[White "BestestBP"]
[Black "Urbina Perez, Juan Antonio"]
[Result "0-1"]
[Board "124"]
[TimeControl "180+1"]
[BlackFideId "2217368"]
[WhiteElo "2157"]
[BlackElo "2445"]
[BlackTeam "ESP"]
[WhiteClock "0:00:03"]
[BlackClock "0:00:37"]

1. d4 Nf6 2. Nf3 g6 3. c4 d6 4. g3 Bg7 5. Bg2 O-O 6. O-O Bf5 7. Nc3 Ne4 8. Ne1 Nxc3 9. bxc3 Nc6 10. e4 Bc8 11. Rb1 Na5 12. Qe2 c5 13. Nc2 b6 14. Rd1 Qe8 15. Ne3 Ba6 16. Qc2 Rc8 17. d5 Nxc4 18. Nxc4 Bxc4 19. f4 e6 20. Re1 exd5 21. Bd2 Qd7 22. exd5 Rfe8 23. Re4 b5 24. a4 a6 25. axb5 axb5 26. Rbe1 Rxe4 27. Qxe4 Kf8 28. f5 Re8 29. Qxe8+ Qxe8 30. Rxe8+ Kxe8 31. fxg6 fxg6 32. Bf4 Ke7 33. Bg5+ Bf6 34. Bd2 Be5 35. Bg5+ Kd7 36. Bd2 Kc7 37. Kf2 Kb6 38. h4 Ka5 39. g4 b4 40. cxb4+ cxb4 41. Be4 Ka4 42. h5 gxh5 43. g5 b3 44. Bxh7 Bxd5 45. g6 Ka3 46. g7 Bxg7 47. Bd3 b2 48. Bf4 Be5 49. Bg5 Bc4 50. Be4 d5 51. Bb1 Ba2 52. Bc2 b1=Q 53. Bxb1 Bxb1 54. Ke3 d4+ 55. Kd2 Bf5 56. Bh4 Bf4+ 57. Ke2 d3+ 58. Ke1 d2+ 59. Kf2 d1=Q 60. Be7+ Kb3 61. Bg5 Qd2+ 62. Kg1 Qe1+ 63. Kg2 Be4+ 64. Kh3 Qg3# 0-1